 Dungeon Crawl Stone Soup version 0.31.0-32-g396128a36d (webtiles) character file.

Game seed: 5733760719716840350

147 PaiMei the Grave Robber (level 5, -6/38 HPs)
             Began as a Demonspawn Necromancer on Apr 24, 2024.
             Mangled by a gnoll
             ... wielding a +0 spear of distortion
              (11 damage)
             ... on level 2 of the Dungeon.
             The game lasted 00:03:21 (3780 turns).

PaiMei the Grave Robber (Demonspawn Necromancer)    Turns: 3780, Time: 00:03:22

Health: -6/38      AC:  6    Str:  8    XL:     5   Next: 8%
Magic:  2/9        EV: 12    Int: 17    God:
Gold:   55         SH:  0    Dex: 14    Spells: 6/10 levels left

rFire   . . .        e - +5 woodcutter's axe
rCold   . . .        (shield currently unavailable)
rNeg    . . .        a - +0 robe
rPois   .            (no helmet)
rElec   .            (no cloak)
rCorr   .            (no gloves)
SInv    .            (no boots)
Will    .....        (no amulet)
Stlth   ++           c - +4 ring of protection
HPRegen 0.26/turn    (no ring)
MPRegen 0.11/turn

%: no passive effects
@: very slightly contaminated
A: powered by death 2
a: no special abilities


You were on level 2 of the Dungeon.
You visited 1 branch of the dungeon, and saw 2 of its levels.

You collected 55 gold pieces.

Inventory:

Hand Weapons
 e - the +5 woodcutter's axe (weapon)
   (You took it off a gnoll on level 2 of the Dungeon)
 g - a +0 mace
Armour
 a - a +0 robe (worn)
Jewellery
 c - a +4 ring of protection (left hand)
Scrolls
 d - 2 scrolls of enchant weapon {unknown}
 f - 2 scrolls of teleportation {unknown}
 h - 3 scrolls of identify {unknown}
 i - a scroll of revelation {unknown}
 j - a scroll of poison {unknown}
Potions
 b - a potion of magic


   Skills:
 + Level 2.0 Fighting
 + Level 2.8 Dodging
 - Level 2.0 Stealth
 + Level 3.0 Spellcasting
 + Level 5.1 Necromancy


You had 6 spell levels left.
You knew the following spells:

 Your Spells              Type           Power      Damage    Failure   Level
a - Necrotise             Necr           80%        1d8       2%          1
b - Vampiric Draining     Necr           20%        2d7       6%          3

Your spell library contained the following spells:

 Spells                   Type           Power      Damage    Failure   Level
 Animate Dead             Necr           20%        N/A       22%         4
 Curse of Agony           Necr           20%        N/A       52%         5


Dungeon Overview and Level Annotations

Branches:
Dungeon (2/15)

Altars:
Vehumet


Innate Abilities, Weirdness & Mutations

You regenerate health from kills.


Message History

Nothing appears to happen.
Casting: Necrotise (safe; 2% risk of failure)
Confirm with . or Enter, or press ? or * to list all spells.
Aiming: Necrotise (safe; 2% risk of failure)
Press: ? - help, Shift-Dir - straight line, f/p - gnoll
Aim: a gnoll, wielding a +0 spear of distortion (lightly wounded, chance to affect: 84%)
The gnoll writhes in agony.
Casting: Necrotise (safe; 2% risk of failure)
Confirm with . or Enter, or press ? or * to list all spells.
Aiming: Necrotise (safe; 2% risk of failure)
Press: ? - help, Shift-Dir - straight line, f/p - gnoll
Aim: a gnoll, wielding a +0 spear of distortion (moderately wounded, chance to affect: 84%)
The gnoll barely resists.
The gnoll hits you but does no damage. Space warps horribly around you!
Casting: Necrotise (safe; 2% risk of failure)
Confirm with . or Enter, or press ? or * to list all spells.
Aiming: Necrotise (safe; 2% risk of failure)
Press: ? - help, Shift-Dir - straight line, f/p - gnoll
Aim: a gnoll, wielding a +0 spear of distortion (moderately wounded, chance to affect: 84%)
The gnoll writhes in agony.
The gnoll hits you but does no damage. Space warps around you.
Casting: Necrotise (safe; 2% risk of failure)
Confirm with . or Enter, or press ? or * to list all spells.
Aiming: Necrotise (safe; 2% risk of failure)
Press: ? - help, Shift-Dir - straight line, f/p - gnoll
Aim: a gnoll, wielding a +0 spear of distortion (moderately wounded, chance to affect: 84%)
You miscast Necrotise.
Nothing appears to happen.
The gnoll hits you from afar with a +0 spear of distortion.
Space warps horribly around you!
* * * LOW HITPOINT WARNING * * *
Casting: Necrotise (safe; 2% risk of failure)
Confirm with . or Enter, or press ? or * to list all spells.
Aiming: Necrotise (safe; 2% risk of failure)
Press: ? - help, Shift-Dir - straight line, f/p - gnoll
Aim: a gnoll, wielding a +0 spear of distortion (moderately wounded, chance to affect: 84%)
The gnoll writhes in agony.
The gnoll hits you from afar with a +0 spear of distortion.
* * * LOW HITPOINT WARNING * * *
Space warps horribly around you!
You die...

# #.# # #.# # #.# #.#
)........ #.# g...♣..
###'###### ♣[♣..)♣
######........# g.g..
....##........########
♣..g♣
....##.....)....@.g..##
).?
....####'###########..##
♣Z♣ ....# #)# ##..##♣.♣
....####.# ##..##.#
....'....# ##..g.#
....###### ###### ....#
#####


You could see a gnoll.

Vanquished Creatures
  Natasha (D:2)
  4 gnolls (D:2)
  4 adders (D:2)
  A bat (D:1)
  3 endoplasms (D:1)
  2 giant cockroaches (D:1)
  A hobgoblin (D:2)
  5 jackals
  A quokka (D:1)
  6 ball pythons
  3 frilled lizards
  9 goblins
  6 kobolds
  2 rats
48 creatures vanquished.

Vanquished Creatures (collateral kills)
  A rat (D:2)
1 creature vanquished.

Grand Total: 49 creatures vanquished

Notes
Turn   | Place    | Note
-------+----------+-------------------------------------------
     0 | D:1      | PaiMei the Demonspawn Necromancer began the quest for the
                  | Orb.
     0 | D:1      | Reached XP level 1. HP: 13/13 MP: 3/3
   620 | D:1      | Gained mutation: You regenerate a little health from kills.
                  | [demonic ancestry]
   620 | D:1      | Reached XP level 2. HP: 19/19 MP: 1/5
  1707 | D:2      | Noticed Natasha
  1708 | D:2      | Reached XP level 3. HP: 24/25 MP: 0/6
  2009 | D:2      | Reached skill level 1 in Fighting
  2019 | D:2      | Learned a level 3 spell: Vampiric Draining
  2035 | D:2      | Found a faded altar of an unknown god.
  2468 | D:2      | Found a radiant altar of Vehumet.
  2889 | D:2      | Gained mutation: You regenerate health from kills. [demonic
                  | ancestry]
  2889 | D:2      | Reached XP level 4. HP: 13/32 MP: 1/8
  3091 | D:2      | Reached skill level 5 in Necromancy
  3262 | D:2      | Killed Natasha
  3263 | D:2      | Reached XP level 5. HP: 38/38 MP: 5/9
  3780 | D:2      | Mangled by a gnoll

Illustrated notes

Levels and vault maps discovered:
D:1:      wheals_arrival_linesprint, layout_loops_corners
D:2:      layout_basic, basic_altar, hellmonk_ecumenical_altar_dog_temple,
          pf_guarded_unrand_woodcutter, uniq_natasha

Skill      XL: |  1  2  3  4  5 |
---------------+----------------+-----
Dodging        | 2 |  2.8
Stealth        | 2 |  2.0
Fighting       | 1 2 |  2.0
Necromancy     | 5 |  5.1
Spellcasting   | 3 |  3.0

Action                     |  1- 3 |  4- 6 || total
---------------------------+-------+-------++-------
  Melee: Club              |     3 |       ||     3
         Unarmed           |     1 |       ||     1
         Mace              |    11 |     6 ||    17
   Cast: Necrotise         |    78 |    27 ||   105
    Use: Potion            |       |     1 ||     1
 Armour: Robe              |    24 |    15 ||    39
  Dodge: Dodged            |    25 |     8 ||    33
